 Dungeon Crawl Stone Soup version 0.16-a0-3855-gd2600ac (console) character file.

412 Roderic the Chucker (level 7, 0/41 HPs)
             Began as a Kobold Hunter on Jan 31, 2015.
             Was a Believer of Dithmenos.
             Succumbed to a scorpion's poison
             ... on level 6 of the Dungeon.
             The game lasted 00:18:45 (4702 turns).

Roderic the Chucker (Kobold Hunter)                 Turns: 4702, Time: 00:18:45

Health: 0/41       AC:  5    Str: 13    XL:     7   Next: 14%
Magic:  7/7        EV: 24    Int:  9    God:    Dithmenos [**....]
Gold:   69         SH:  0    Dex: 21    Spells: 0 memorised, 6 levels left

rFire  . . .     SeeInvis +     k - +0 rapier
rCold  + . .     Clarity  .     c - +2 leather armour {rC+}
rNeg   . . .     SustAb   .     (no shield)
rPois  .         Gourm    .     (no helmet)
rElec  .         Spirit   .     (no cloak)
rCorr  .         Warding  .     (no gloves)
rMut   .         Stasis   .     (no boots)
MR     .....                    (no amulet)
Stlth  ++++......               m - ring of flight
                                t - ring of see invisible

@: agile, lethally poisoned, wreathed by umbra, not resistant to hostile
enchantments, stealthy
A: carnivore 3
a: Shadow Step, Renounce Religion, Evoke Flight


You were on level 6 of the Dungeon.
You worshipped Dithmenos.
Dithmenos was pleased with you.
You were not hungry.

You visited 1 branch of the dungeon, and saw 6 of its levels.

You collected 297 gold pieces.
You spent 228 gold pieces at shops.

Inventory:

Hand weapons
 a - a +0 short sword
 k - a +0 rapier (weapon)
Missiles
 b - 7 tomahawks
 d - a throwing net (quivered)
 g - 54 stones
 l - 43 bolts
Armour
 c - a +2 leather armour of cold resistance (worn)
Jewellery
 m - a ring of flight (right hand)
 t - a ring of see invisible (left hand)
Magical devices
 e - a wand of confusion (16)
Scrolls
 s - 5 scrolls of remove curse
Potions
 i - a potion of flight {unknown}
 j - a potion of might {unknown}
 o - a potion of haste {unknown}
 x - a potion of berserk rage {unknown}
 z - a potion of poison {unknown}
Comestibles
 f - a meat ration
 q - a beef jerky


   Skills:
 + Level 3.1 Fighting
 + Level 2.2 Short Blades
 + Level 6.6 Throwing
 + Level 2.1 Armour
 + Level 5.5 Dodging
 * Level 2.9 Stealth


You had 6 spell levels left.
You didn't know any spells.

Dungeon Overview and Level Annotations

Branches:
Dungeon (6/15)
 Temple: D:4-7

Altars:
Ashenzari
Dithmenos
Yredelemnul
The Shining One

Shops:
D:5 [

Annotations:
D:2 Sigmund
D:3 Terence
D:4 Edmund
D:5 Eustachio


Innate Abilities, Weirdness & Mutations

You are small and have problems with some larger weapons.
You are carnivorous and can eat meat at any time.


Message History

You hit the scorpion.
The scorpion is heavily wounded.
The scorpion closely misses you. The hobgoblin closely misses you.
You hit the scorpion but do no damage.
The scorpion is heavily wounded.
* * * LOW HITPOINT WARNING * * *
You feel sick. The scorpion closely misses you.
You hit the scorpion.
The scorpion is almost dead.
The hobgoblin completely misses you. The scorpion completely misses you.
You hit the scorpion.
You kill the scorpion!
Dithmenos accepts your kill.
* * * LOW HITPOINT WARNING * * *
You feel sick.
The hobgoblin hits you but does no damage.
You hit the hobgoblin.
The hobgoblin is heavily wounded.
The hobgoblin completely misses you.
You die...

..▒ ▒........▒▒.▒▒
▒▒..▒▒. .▒▒
▒..▒▒...▒▒..▒ ▒.▒▒
▒▒ ▒.. ▒▒..▒..▒▒ .▒▒
▒ ▒.▒▒ ▒▒....▒ ▒▒..▒
▒▒ ▒▒..▒
▒▒..▒.▒▒▒▒..▒
.▒▒▒...▒▒▒..▒▒▒.▒.?▒
.▒▒..▒.....▒▒ ▒▒..▒
.....▒▒...▒▒ ▒.▒▒
.........▒▒ ▒▒@g▒
.▒▒▒▒▒▒..▒ ▒...▒ .▒
▒▒..▒ ▒..........▒
..▒ ...▒
▒...▒......▒ ..▒
........▒ .▒▒▒▒.▒
... ▒▒....... .▒ .
▒▒.. .....▒.. .▒ ▒
..▒ .▒▒. .▒ .. ..


You could see a hobgoblin.

Vanquished Creatures
  2 scorpions
  A crimson imp (D:5)
  A jelly (D:5)
  A hound (D:3)
  A worker ant (D:5)
  A hound zombie (D:5)
  7 adders
  2 giant mites
  3 worms
  A shadow imp (D:5)
  3 giant geckos
  2 oozes
  6 orcs
  3 ball pythons
  2 giant cockroaches
  9 goblins
  7 hobgoblins
  6 kobolds
  2 quokkas
  10 bats
  2 giant newts
  4 jackals (D:5)
  9 rats
85 creatures vanquished.

Notes
Turn   | Place    | Note
--------------------------------------------------------------
     0 | D:1      | Roderic, the Kobold Hunter, began the quest for the Orb.
     0 | D:1      | Reached XP level 1. HP: 12/12 MP: 1/1
   185 | D:1      | Reached XP level 2. HP: 8/17 MP: 2/2
   487 | D:1      | Reached skill level 6 in Throwing
   487 | D:1      | Reached XP level 3. HP: 21/21 MP: 3/3
  1040 | D:2      | Found a basalt altar of Yredelemnul.
  1329 | D:2      | Reached XP level 4. HP: 8/27 MP: 4/4
  1671 | D:2      | Reached skill level 1 in Short Blades
  1764 | D:2      | Noticed Sigmund
  1834 | D:3      | Found a shadowy altar of Dithmenos.
  1845 | D:3      | Became a worshipper of Dithmenos the Shadowed
  1898 | D:3      | Reached skill level 1 in Armour
  2175 | D:3      | Noticed Terence
  2197 | D:4      | Noticed Edmund
  2276 | D:3      | Reached XP level 5. HP: 26/31 MP: 5/5
  2355 | D:4      | Noticed an ogre
  2551 | D:4      | Found a shattered altar of Ashenzari.
  2551 | D:4      | Found a glowing golden altar of the Shining One.
  2894 | D:5      | Entered Level 5 of the Dungeon
  2921 | D:5      | Reached XP level 6. HP: 15/36 MP: 6/6
  3579 | D:5      | Reached skill level 5 in Dodging
  3933 | D:5      | Noticed Eustachio
  4125 | D:5      | Found Uziados' Armour Shop.
  4159 | D:5      | Bought a +2 leather armour of cold resistance for 228 gold pieces
  4214 | D:5      | Acquired Dithmenos' first power
  4300 | D:5      | Noticed a sky beast
  4613 | D:6      | Reached XP level 7. HP: 41/41 MP: 7/7
  4698 | D:6      | HP: 2/41 [poisoned by a scorpion]
  4702 | D:6      | Succumbed to a scorpion's poison

Action                   |  1- 3 |  4- 6 |  7- 9 || total
-------------------------+-------+-------+-------++-------
Melee: Short sword       |    77 |   419 |       ||   496
       Rapier            |       |       |    22 ||    22
Throw: Tomahawk          |    14 |    14 |       ||    28
       Stone             |     2 |    16 |       ||    18
       Throwing net      |       |     9 |       ||     9
  Use: Potion            |       |     8 |     1 ||     9
       Scroll            |       |     7 |       ||     7
 Stab: Sleeping          |       |     3 |       ||     3
       Held in net/web   |       |     5 |       ||     5
  Eat: Meat ration       |     1 |     1 |       ||     2
       Chunk             |       |     1 |       ||     1
